 Dungeon Crawl Stone Soup version 0.25-a0-425-g0e000e855e (webtiles) character file.

Game seed: 7201820356522680128, levelgen mode: deterministic

7 Kohma the Ruffian (level 1, -1/16 HPs)
             Began as a Draconian Transmuter on Jan 24, 2020.
             Slain by a worker ant (3 damage)
             ... on level 2 of the Dungeon.
             The game lasted 00:00:57 (199 turns).

Kohma the Ruffian (Draconian Transmuter)             Turns: 199, Time: 00:00:57

Health: -1/16      AC:  4    Str: 12    XL:     1   Next: 83%
Magic:  2/3        EV: 12    Int: 13    God:
Gold:   0          SH:  0    Dex: 11    Spells: 3/4 levels left

rFire    . . .     SeeInvis .     - Unarmed
rCold    . . .     Gourm    .   (no shield)
rNeg     . . .     Faith    .   (armour unavailable)
rPois    .         Spirit   .   (helmet restricted)
rElec    .         Reflect  .   (no cloak)
rCorr    .         Harm     .   (no gloves)
MR       .....                  (no boots)
Stlth    +.........             (no amulet)
HPRegen  0.05/turn              (no ring)
MPRegen  0.08/turn              (no ring)

@: appendage (expiring)
A: unfitting armour, horns 2, cold-blooded, AC +4
a: End Transformation


You were on level 2 of the Dungeon.
You were not hungry.
You had grown temporary horns.
You visited 1 branch of the dungeon, and saw 2 of its levels.

Inventory:

Missiles
 a - 12 arrows
 d - 36 stones (quivered)
 f - 19 sling bullets
Scrolls
 e - a scroll of amnesia {unknown}
Comestibles
 b - 2 chunks of flesh
 c - a ration


   Skills:
 - Level 1.1 Fighting
 - Level 1.7 Dodging
 - Level 3.0 Unarmed Combat
 - Level 2.0 Spellcasting
 + Level 2.6 Transmutations


You had 3 spell levels left.
You knew the following spells:

 Your Spells              Type           Power        Failure   Level  Hunger
a - Beastly Appendage     Tmut           #.....       9%          1    ##.....

Your spell library contained the following spells:

 Spells                   Type           Power        Failure   Level  Hunger
 Sticks to Snakes         Tmut           #.......     13%         2    ###....
 Spider Form              Tmut/Pois      #.........   41%         3    ####...
 Ice Form                 Ice/Tmut       #.......     82%         4    #####..
 Blade Hands              Tmut           #.........   93%         5    ######.


Dungeon Overview and Level Annotations

Branches:
Dungeon (1/15)

Altars:
Elyvilon


Innate Abilities, Weirdness & Mutations

Your plain brown scales are hard. (AC +4)
You cannot fit into any form of body armour.
You are cold-blooded and may be slowed by cold attacks.
You have a pair of horns on your head.


Message History

The worker ant is moderately wounded.
The worker ant completely misses you.
You hit the worker ant. Your headbutt misses the worker ant.
The worker ant is heavily wounded.
The worker ant bites you!
Ouch! That really hurt!
You closely miss the worker ant.
The worker ant is heavily wounded.
The worker ant bites you.
You hit the worker ant but do no damage.
The worker ant is heavily wounded.
The worker ant barely misses you.
You closely miss the worker ant. Your headbutt misses the worker ant.
The worker ant is heavily wounded.
Your transformation is almost over.
The worker ant barely misses you.
The kobold hits you with a +0 short sword.
* * * LOW HITPOINT WARNING * * *
The worker ant bites you.
You die...

## ## .. .. .#
###.######.####
...............
#.@#K#.#.#.
#..a.......
#....⌠.....
#......._..
##...⌠.....
#.........
#.#.#.#.#.
#.........
######.###


You could see a worker ant.

Vanquished Creatures
  2 bats (D:1)
  A giant cockroach (D:1)
  A hobgoblin (D:1)
  A frilled lizard (D:1)
  A kobold (D:1)
6 creatures vanquished.

Notes
Turn   | Place    | Note
-------+----------+-------------------------------------------
     0 | D:1      | Kohma the Draconian Transmuter began the quest for the Orb.
     0 | D:1      | Reached XP level 1. HP: 16/16 MP: 3/3
   190 | D:1      | You fall into a shaft and drop 1 floor!
   190 | D:2      | Found a white marble altar of Elyvilon.
   191 | D:2      | Noticed a worker ant
   199 | D:2      | Slain by a worker ant

Levels and vault maps discovered:
D:1:      minmay_arrival_shattered_statue, layout_rooms,
          minmay_tree_intersection
D:2:      layout_loops_cross, elyvilon_altar_5, marbit_many_paths,
          nicolae_overflow_hidden_temple, first_ration

Action                   || total
-------------------------++-------
Melee: Unarmed           ||    31
       Headbutt          ||     1
       Tailslap          ||     1
 Cast: Beastly Appendage ||     4
Armor: Skin              ||    13
Dodge: Dodged            ||    24

Table legend:
 A = Non-vault XP
 B = Vault XP
 C = Vault XP percentage of total XP
 D = Non-vault monster count
 E = Vault monster count
 F = Vault count percentage of total count
                 A         B        C        D         E       F
            +---------+---------+-------+---------+---------+-------
      Total |      10 |       0 |   0.0 |       6 |       0 |   0.0
            +---------+---------+-------+---------+---------+-------
        D:1 |      10 |       0 |   0.0 |       6 |       0 |   0.0
            +---------+---------+-------+---------+---------+-------
